 Dungeon Crawl Stone Soup version 0.31-a0-506-g3d79149578 (webtiles) character file.

Game seed: 4720116559726414076

161 Ethylacetat the Ducker (level 5, -1/36 HPs)
             Began as an Octopode Gladiator on Aug 8, 2023.
             Killed from afar by an orc wizard (3 damage)
             ... with a magic dart
             ... on level 3 of the Dungeon.
             The game lasted 00:05:18 (1436 turns).

Ethylacetat the Ducker (Octopode Gladiator)         Turns: 1436, Time: 00:05:19

Health: -1/36      AC:  1    Str: 14    XL:     5   Next: 42%
Magic:  0/5        EV: 14    Int: 10    God:
Gold:   91         SH:  0    Dex: 15    Spells: 4/4 levels left

rFire   . . .        m - +2 short sword (venom)
rCold   . . .        (no shield)
rNeg    . . .        b - +0 hat
rPois   .            l - amulet of guardian spirit
rElec   .            (no ring)
rCorr   .            (no ring)
SInv    .            (no ring)
Will    .....        (no ring)
Stlth   +++          (no ring)
HPRegen 0.26/turn    (no ring)
MPRegen 0.09/turn    (no ring)
                     (no ring)

%: guardian spirit
@: no status effects
A: almost no armour, amphibious, 8 rings, camouflage 1, gelatinous body 1,
(nimble swimmer 1), tentacles
a: no special abilities


You were on level 3 of the Dungeon.
You visited 1 branch of the dungeon, and saw 3 of its levels.

You collected 91 gold pieces.

Inventory:

Hand Weapons
 h - a +1 heavy sling
 m - a +2 short sword of venom (weapon)
Missiles
 c - 3 throwing nets (quivered)
 d - a javelin
Armour
 b - a +0 hat (worn)
Jewellery
 l - an amulet of guardian spirit (around mantle)
Wands
 i - a wand of roots (8)
Scrolls
 f - a scroll of fog {unknown}
 g - 4 scrolls of identify {unknown}
Potions
 e - a potion of lignification {unknown}
 j - a potion of curing {unknown}
 k - a potion of invisibility {unknown}


   Skills:
 + Level 3.0 Fighting
 + Level 3.8 Long Blades
 + Level 1.3 Ranged Weapons
 - Level 2.2 Throwing
 + Level 3.8 Dodging
 + Level 2.6 Stealth
 + Level 0.0 Spellcasting


You had 4 spell levels left.
You didn't know any spells.
Your spell library contained the following spells:

 Spells                   Type           Power      Damage    Failure   Level
 Summon Small Mammal      Summ           0%         N/A       36%         1
 Sublimation of Blood     Necr           0%         N/A       50%         2
 Call Canine Familiar     Summ           0%         N/A       75%         3
 Inner Flame              Hex/Fire       0%         N/A       75%         3
 Summon Guardian Golem    Hex/Summ       0%         N/A       75%         3
 Vhi's Electric Charge    Tloc/Air       0%         N/A       75%         3
 Petrify                  Tmut/Erth      0%         N/A       98%         4
 Arcjolt                  Conj/Air       0%         1d10      100%        5
 Irradiate                Conj/Tmut      0%         3d11      100%        5
 Iskenderun's Battlesphe  Conj           0%         2d6       100%        5
 Yara's Violent Unravell  Hex/Tmut       0%         3d3       100%        5
 Leda's Unmaking          Conj/Erth      0%         9d1       100%        6
 Plasma Beam              Fire/Air       0%         2x1d10    100%        6
 Enfeeble                 Hex            0%         N/A       100%        7
 Spellforged Servitor     Conj/Summ      0%         N/A       100%        7


Dungeon Overview and Level Annotations

Branches:
Dungeon (3/15)

Altars:
Wu Jian


Innate Abilities, Weirdness & Mutations

You cannot wear most types of armour.
You are amphibious.
You can wear up to eight rings at the same time.
Your skin changes colour to match your surroundings (Stealth+).
Your rubbery body absorbs attacks. (AC +1, EV +1)
((You are camouflaged when in or above water. (Stealth+)))
You have tentacles for arms and can constrict up to eight enemies at once.


Message History

The orc closely misses you.
The orc wizard gestures at you while chanting.
You resist with some effort.
You closely miss the orc wizard. You grab the orc wizard.
The orc wizard is moderately wounded.
You constrict the orc wizard, but do no damage.
The orc hits you with a +0 war axe.
The orc wizard points at you and mumbles some strange words.
You are confused.
Unknown command.
You nearly stumble into some lava!
You constrict the orc wizard. The orc misses you.
The orc wizard barely misses you.
You hit the orc wizard.
You squeeze the orc wizard, but do no damage.
The orc wizard is heavily wounded.
You constrict the orc wizard. The orc hits you but does no damage.
The orc wizard hits you with a +0 dagger.
You nearly stumble into some lava!
You constrict the orc wizard. The orc wizard misses you.
The orc hits you with a +0 war axe.
You release your grip on the orc wizard.
The orc attacks as you move away! The orc barely misses you.
The orc wizard hits you with a +0 dagger.
The orc completely misses you.
You nearly stumble into some lava!
You feel less confused. The orc hits you with a +0 war axe.
The orc wizard points at you and mumbles some strange words.
The puff of flame hits you!
Unknown command.
You barely miss the orc wizard. You grab the orc wizard.
The orc wizard is severely wounded.
You constrict the orc wizard. The orc misses you.
The orc wizard hits you with a +0 dagger.
You hit the orc but do no damage. You grab the orc.
You constrict the orc wizard. You constrict the orc.
The orc hits you with a +0 war axe!
* * * LOW HITPOINT WARNING * * *
The orc wizard points at you and mumbles some strange words.
The magic dart hits you.
You die...

#.#.##. ... #######
#.....# ##.##
.##.....###.....###.....
.#.......##.............
..........#....#......≈≈.
#.........#....#..♣ ..≈≈.
#.........#...#..)♣♣.....
#.........##.##..........
#............##.@...._..#
...........####oo§≈.....#
...........# #..≈≈).....
###.......## #.#...).##..
....<.....# #.#...).# .
..........# ..##.......
.#.......## .#. ##.....
###.....#....## ##.## #
####....## .#


You could see an orc wizard and an orc.

Vanquished Creatures
  Natasha (thrice) (D:2)
  A gnoll (D:1)
  An adder (D:2)
  2 worms
  A dart slug (D:1)
  3 orcs (D:3)
  5 endoplasms
  A giant cockroach (D:1)
  4 goblins
  3 hobgoblins
  11 jackals
  3 quokkas
  4 ball pythons
  3 bats (D:1)
  4 frilled lizards
  4 kobolds
  5 rats
58 creatures vanquished.

Notes
Turn   | Place    | Note
-------+----------+-------------------------------------------
     0 | D:1      | Ethylacetat the Octopode Gladiator began the quest for the
                  | Orb.
     0 | D:1      | Reached XP level 1. HP: 14/14 MP: 1/1
    16 | D:1      | Reached XP level 2. HP: 11/19 MP: 2/2
   111 | D:1      | Found a faded altar of an unknown god.
   276 | D:1      | Reached XP level 3. HP: 24/25 MP: 3/3
   329 | D:1      | Reached skill level 1 in Stealth
   731 | D:2      | Reached XP level 4. HP: 30/30 MP: 4/4
   972 | D:2      | Noticed Natasha
   985 | D:2      | Killed Natasha
  1187 | D:2      | Noticed Natasha
  1192 | D:2      | Killed Natasha
  1193 | D:2      | Reached skill level 1 in Ranged Weapons
  1193 | D:2      | Reached XP level 5. HP: 36/36 MP: 5/5
  1254 | D:2      | Noticed Natasha
  1262 | D:2      | Killed Natasha
  1392 | D:3      | Found an ornate altar of the Wu Jian Council.
  1436 | D:3      | Killed from afar by an orc wizard

Illustrated notes

Levels and vault maps discovered:
D:1:      minmay_arrival_up_and_down, layout_basic, basic_ecumenical_altar,
          minmay_misc_feat_iff, grunt_decor_cap, st_stairs_6,
          chequers_serial_rivers_micro_c, hangedman_decor_growths,
          minmay_surrounded
D:2:      layout_rooms, minmay_unequal, uniq_natasha
D:3:      layout_rooms, lemuel_zombie_altar_yredelemnul, lemuel_doored_altar,
          nicolae_wu_jian_wuxing_cycle, serial_co_window_serial,
          co_window_paths_b, co_window_paths_b, co_window_corner_a,
          co_window_of_opportunity_a, co_window_of_opportunity_a,
          co_window_of_opportunity_b, co_window_cross_4,
          co_window_of_opportunity_c, co_window_corner_b, co_window_corner_ca,
          co_window_corner_cb, co_window_corner_ca, glass_columns_b,
          glass_columns_a, uniq_sigmund

Skill      XL: |  1  2  3  4  5 |
---------------+----------------+-----
Stealth        | 1 2 |  2.6
Ranged Weapons | 1 |  1.3
Fighting       | 3 |  3.0
Long Blades    | |  3.8
Throwing       | |  2.2
Dodging        | |  3.8

Action                     |  1- 3 |  4- 6 || total
---------------------------+-------+-------++-------
  Melee: Long sword        |    51 |     8 ||    59
         Constrict         |    15 |     5 ||    20
         Tentacles         |     7 |     3 ||    10
         Short sword       |       |     8 ||     8
   Fire: Sling             |    12 |    46 ||    58
   Stab: Sleeping          |     5 |       ||     5
 Armour: Skin              |     2 |     2 ||     4
  Dodge: Dodged            |    45 |    20 ||    65

Table legend: (Time is in decaauts)
 A = Elapsed time spent in this place.
 B = Non-inter-level travel time spent in this place.
 C = Inter-level travel time spent in this place.
 D = Time resting spent in this place.
 E = Time spent auto-exploring this place.
 F = Levels seen in this place.
 G = Mean time per level.
                   A        B        C        D        E       F      G
               +--------+--------+--------+--------+--------+-----+--------+
         Total |   1519 |   1393 |    126 |      0 |   1003 |   3 |  506.3 |
       Dungeon |   1519 |   1393 |    126 |      0 |   1003 |   3 |  506.3 |
               +--------+--------+--------+--------+--------+-----+--------+

Top non-repeatable levels by time:
     D:2: 703 daAuts
     D:1: 640 daAuts
     D:3: 175 daAuts
